 Dungeon Crawl Stone Soup version 0.29.1-15-g9cfb28693d (webtiles) character file.

Game seed: 13847460815137349968

708 Edgeworth the Cudgeller (level 7, -1/44 HPs)
             Began as a Gargoyle Fighter on Mar 4, 2023.
             Killed from afar by an orc wizard (7 damage)
             ... with a magic dart
             ... on level 4 of the Dungeon.
             The game lasted 00:06:13 (3383 turns).

Edgeworth the Cudgeller (Gargoyle Fighter)          Turns: 3383, Time: 00:06:13

Health: -1/44      AC: 16    Str: 27    XL:     7   Next: 67%
Magic:  7/7        EV:  9    Int:  9    God:
Gold:   277        SH:  4    Dex:  9    Spells: 6/6 levels left

rFire   . . .      SeeInvis .   d - +2 whip (freeze)
rCold   . . .      Faith    .   c - +0 buckler
rNeg    + . .      Spirit   .   b - +0 scale mail
rPois   ∞          Reflect  .   x - +2 helmet
rElec   +          Harm     .   (no cloak)
rCorr   .          Rampage  .   (no gloves)
Will    .....                   i - +0 pair of boots
Stlth   ..........              s - amulet of the acrobat
HPRegen 0.14/turn               (no ring)
MPRegen 0.10/turn               r - +6 ring of strength

@: no status effects
A: sickness immunity, AC +4, negative energy resistance 1, electricity
resistance, torment resistance 1, petrification resistance
a: no special abilities


You were on level 4 of the Dungeon.
You visited 1 branch of the dungeon, and saw 4 of its levels.

You collected 277 gold pieces.

Inventory:

Hand Weapons
 a - a +0 flail
 d - a +2 whip of freezing (weapon)
 p - a +0 vampiric rapier
Armour
 b - a +0 scale mail (worn)
 c - a +0 buckler (worn)
 i - a +0 pair of boots (worn)
 x - a +2 helmet (worn)
Jewellery
 h - a ring of wizardry
 o - a ring of fire
 r - a +6 ring of strength (right hand)
 s - an amulet of the acrobat (around neck)
 t - a ring of fire
Wands
 m - a wand of paralysis (5)
 v - a wand of flame (17)
Scrolls
 e - 9 scrolls of identify {unknown}
 f - 2 scrolls of enchant armour {unknown}
 g - 2 scrolls of enchant weapon {unknown}
 j - 3 scrolls of magic mapping {unknown}
 l - a scroll of teleportation {unknown}
 n - 2 scrolls of fear {unknown}
 q - a scroll of butterflies {unknown}
 w - a scroll of amnesia {unknown}
Potions
 k - a potion of cancellation {unknown}
 u - a potion of brilliance {unknown}


   Skills:
 + Level 4.8 Fighting
 + Level 5.8 Maces & Flails
 + Level 5.3 Armour
 + Level 4.9 Shields


You had 6 spell levels left.
You didn't know any spells.
Your spell library contained the following spells:

 Spells                   Type           Power      Damage    Failure   Level
 Ensorcelled Hibernation  Hex/Ice        0%         N/A       86%         2
 Passwall                 Tmut/Erth      0%         N/A       86%         2
 Swiftness                Air            0%         N/A       97%         3


Dungeon Overview and Level Annotations

Branches:
Dungeon (4/15)
 Temple: D:4-7

Altars:
Sif Muna


Innate Abilities, Weirdness & Mutations

You are immune to sickness and miasma.
Your stone body is resilient. (AC +4)
You are immune to poison.
You resist negative energy. (rN+)
You are resistant to electric shocks. (rElec)
You are resistant to unholy torment.
You are immune to petrification.


Message History

The orc priest hits you but does no damage.
You closely miss the orc priest.
The orc priest is almost dead.
The orc priest invokes the aid of Beogh against you.
Beogh smites you!
* * * LOW HITPOINT WARNING * * *
You closely miss the orc priest.
The orc priest is almost dead.
The orc priest hits you but does no damage.
You hit the orc priest. You freeze the orc priest.
You kill the orc priest!
An orc comes into view. It is wielding a +0 dagger.
You hit the orc but do no damage. The orc hits you but does no damage.
You hit the orc. You freeze the orc.
The orc is almost dead.
You hear a shout!
An orc wizard comes into view. It is wielding a +2 dagger of draining.
You hit the orc wizard. You freeze the orc wizard.
The orc wizard is lightly wounded.
You barely miss the orc wizard.
The orc wizard is lightly wounded.
The orc wizard hits you but does no damage.
You miss the orc wizard.
The orc wizard is lightly wounded.
You barely miss the orc wizard.
The orc wizard is lightly wounded.
The orc wizard hits you but does no damage.
You hit the orc wizard. You freeze the orc wizard.
The orc wizard is moderately wounded.
The orc wizard points at you and mumbles some strange words.
The magic dart hits you.
* * * LOW HITPOINT WARNING * * *
You closely miss the orc wizard.
The orc wizard is moderately wounded.
The orc wizard hits you but does no damage.
You closely miss the orc wizard.
The orc wizard is moderately wounded.
The orc wizard points at you and mumbles some strange words.
The magic dart hits you!
You die...

#. #.#
#....>.........#
#.#
####.......###.#
### #########
#.# #.# ##
########.# #.#
#.#.#.#..#
#.#.#.#.#.#.#
##.###.###..#
#@#.#.#.#.#.#
#o#.#.#.#.#..#
##############


You could see an orc wizard.

Vanquished Creatures
  Pikel (D:4)
  Eustachio (D:4)
  2 orc priests (D:4)
  4 adders
  A worm (D:2)
  4 dart slugs
  5 ball pythons
  6 bats
  9 endoplasms
  3 giant cockroaches
  9 goblins
  6 hobgoblins
  4 jackals
  3 quokkas
  3 frilled lizards
  6 kobolds
  4 rats
71 creatures vanquished.

Notes
Turn   | Place    | Note
-------+----------+-------------------------------------------
     0 | D:1      | Edgeworth the Gargoyle Fighter began the quest for the Orb.
     0 | D:1      | Reached XP level 1. HP: 14/14 MP: 1/1
   452 | D:1      | Reached XP level 2. HP: 19/19 MP: 2/2
   559 | D:1      | Found a faded altar of an unknown god.
   821 | D:1      | Reached XP level 3. HP: 23/23 MP: 3/3
  1186 | D:2      | Found a shimmering blue altar of Sif Muna.
  1543 | D:2      | Reached XP level 4. HP: 29/29 MP: 4/4
  2898 | D:4      | Noticed Eustachio
  2903 | D:4      | Reached XP level 5. HP: 29/33 MP: 5/5
  2956 | D:4      | Killed Eustachio
  2957 | D:4      | Reached XP level 6. HP: 13/38 MP: 6/6
  3172 | D:4      | Noticed Pikel
  3191 | D:4      | Killed Pikel
  3192 | D:4      | Reached skill level 5 in Maces & Flails
  3192 | D:4      | Reached skill level 5 in Armour
  3192 | D:4      | Reached XP level 7. HP: 36/44 MP: 7/7
  3383 | D:4      | Killed from afar by an orc wizard

Illustrated notes

Levels and vault maps discovered:
D:1:      ncdulo_lavacross, layout_loops_corners, serial_forest,
          infiniplex_forest_straight_3, infiniplex_forest_corner_2,
          infiniplex_forest_straight_4, infiniplex_forest_straight_2,
          infiniplex_forest_lined_4_way, infiniplex_forest_lined_1,
          dreamdust_ecumenical_altar_angels_and_demons, minmay_quantized
D:2:      layout_loops_cross, basic_altar
D:3:      layout_loops_ring
D:4:      layout_basic, mainiacjoe_overflow_alcove_2, solitary_fountain,
          minmay_misc_feat_rows, roderic_roman_lattice, uniq_eustachio,
          uniq_pikel, uniq_blork_the_orc

Skill      XL: |  1  2  3  4  5  6 |
---------------+-------------------+-----
Maces & Flails | 3 4 5 |  5.8
Armour         | 4 5 |  5.3
Fighting       | 4 |  4.8
Shields        | 4 |  4.9

Action                   |  1- 3 |  4- 6 |  7- 9 || total
-------------------------+-------+-------+-------++-------
Melee: Flail             |   161 |   118 |       ||   279
       Whip              |       |       |    38 ||    38
  Use: Potion            |       |     5 |       ||     5
Armor: Scale mail        |   117 |    97 |    20 ||   234
Dodge: Dodged            |    84 |   134 |     4 ||   222
Block: Buckler           |    46 |    41 |     1 ||    88
